Construct Infanterie Kompanie
Construct Luftwaffe Kompanie
Selects Mechanized Battlegroup
Selects Mobile Repair Stations
Selects Wespe Self-propelled Artillery
Marder III M Tank Destroyer
Marder III M Tank Destroyer
Marder III M Tank Destroyer
Selects Zeroing Artillery Barrage
Wespe Self-propelled Artillery
Zeroing Artillery Barrage
Construct Panzer Kompanie
Selects StuG Assault Group
Selects UNKNOWN (2160084)
Luftwaffe Officer Quarters
Zeroing Artillery Barrage
Zeroing Artillery Barrage
Zeroing Artillery Barrage